BSA
VISTA PANTHERS @ ST CHARLES SHEENS
08/11/2027
 
TOP OF THE 1ST
Vista Panthers batting - Pitching for St Charles Sheens : RHP Sang-joon Pak
Pitching: RHP Sang-joon Pak
Batting: RHB Cisco Gatán 0-0: Ball
1-0: Swinging Strike
1-1: Called Strike
1-2: Ball
2-2: Ground out 1-3 (Groundball, 13)
Batting: RHB Phil Matthews 0-0: Fly out, F5 (Line Drive, 5)
Batting: LHB Patrick Osborne 0-0: Ball
1-0: Called Strike
1-1: Ball
2-1: Ball
3-1: Swinging Strike
3-2: Strikes out swinging
Top of the 1st over - 0 run(s), 0 hit(s), 0 error(s), 0 left on base; Vista 0 - St Charles 0
BOTTOM OF THE 1ST
St Charles Sheens batting - Pitching for Vista Panthers : RHP Dale Reese
Pitching: RHP Dale Reese
Batting: RHB Jesús Hernández 0-0: Ball
1-0: Called Strike
1-1: Swinging Strike
1-2: Ball
2-2: Fly out, F6 (Popup, 6S)
Batting: LHB Gene Cooper 0-0: Ball
1-0: SINGLE (Line Drive, 34D)
Batting: RHB Judson Backstrom 0-0: Called Strike
0-1: Foul Ball, location: 2F
0-2: Ground out 6-3 (Groundball, 6S)
Gene Cooper to second
Batting: LHB Stan Bates 0-0: Ball
1-0: Fly out, F7 (Flyball, 7LS)
Bottom of the 1st over - 0 run(s), 1 hit(s), 0 error(s), 1 left on base; Vista 0 - St Charles 0
TOP OF THE 2ND
Vista Panthers batting - Pitching for St Charles Sheens : RHP Sang-joon Pak
Batting: SHB Mark Wells 0-0: Foul Ball, location: 2F
0-1: Foul Ball, location: 2F
0-2: Ball
1-2: Strikes out swinging
Batting: RHB John Mendelson 0-0: Ball
1-0: Called Strike
1-1: Ball
2-1: Ground out 4-3 (Groundball, 4)
Batting: LHB Brent Alonzo 0-0: Called Strike
0-1: Ground out 4-3 (Groundball, 4M)
Top of the 2nd over - 0 run(s), 0 hit(s), 0 error(s), 0 left on base; Vista 0 - St Charles 0
BOTTOM OF THE 2ND
St Charles Sheens batting - Pitching for Vista Panthers : RHP Dale Reese
Batting: RHB Max Rash 0-0: Ball
1-0: Ball
2-0: Foul Ball, location: 2F
2-1: Ground out 6-3 (Groundball, 6)
Batting: LHB Tanyu Imai 0-0: Called Strike
0-1: Swinging Strike
0-2: Strikes out swinging
Batting: RHB Dan Tyler 0-0: Ball
1-0: Fly out, F3 (Popup, 3S)
Bottom of the 2nd over - 0 run(s), 0 hit(s), 0 error(s), 0 left on base; Vista 0 - St Charles 0
TOP OF THE 3RD
Vista Panthers batting - Pitching for St Charles Sheens : RHP Sang-joon Pak
Batting: RHB Roberto Cruz 0-0: Fly out, F7 (Flyball, 7)
Batting: RHB Salvador Salas 0-0: Ball
1-0: Ball
2-0: Fly out, F9 (Flyball, 89S)
Batting: LHB Francisco Marino 0-0: Ball
1-0: Fly out, F7 (Flyball, 7)
Top of the 3rd over - 0 run(s), 0 hit(s), 0 error(s), 0 left on base; Vista 0 - St Charles 0
BOTTOM OF THE 3RD
St Charles Sheens batting - Pitching for Vista Panthers : RHP Dale Reese
Batting: RHB Bill Little 0-0: Reached on error, E5 (Groundball, 56S)
Batting: RHB Alfredo Hernández 0-0: Called Strike
0-1: Ball
1-1: Ball
2-1: Called Strike
2-2: Foul Ball, location: 2F
2-2: Ball
3-2: Strikes out swinging
Batting: RHB Jesús Hernández 0-0: Called Strike
0-1: Ground out 5-3 (Groundball, 5S)
Bill Little to second
Batting: LHB Gene Cooper 0-0: Called Strike
0-1: Ball
1-1: Ground out 1-3 (Groundball, P)
Bottom of the 3rd over - 0 run(s), 0 hit(s), 1 error(s), 1 left on base; Vista 0 - St Charles 0
TOP OF THE 4TH
Vista Panthers batting - Pitching for St Charles Sheens : RHP Sang-joon Pak
Batting: RHB Cisco Gatán 0-0: Foul Ball, location: 2F
0-1: Foul Ball, location: 2F
0-2: Strikes out looking
Batting: RHB Phil Matthews 0-0: Called Strike
0-1: Ball
1-1: Ball
2-1: Ball
3-1: Foul Ball, location: 2F
3-2: Fly out, F8 (Flyball, 8LM)
Batting: LHB Patrick Osborne 0-0: Called Strike
0-1: Fly out, F3 (Popup, 3L)
Top of the 4th over - 0 run(s), 0 hit(s), 0 error(s), 0 left on base; Vista 0 - St Charles 0
BOTTOM OF THE 4TH
St Charles Sheens batting - Pitching for Vista Panthers : RHP Dale Reese
Batting: RHB Judson Backstrom 0-0: Foul Ball, location: 2F
0-1: Ball
1-1: Ball
2-1: Ball
3-1: DOUBLE (Groundball, 5L)
Batting: LHB Stan Bates 0-0: Ball
1-0: Ball
2-0: Ball
3-0: Called Strike
3-1: Called Strike
3-2: Foul Ball, location: 2F
3-2: 2-RUN HOME RUN (Flyball, 89XD), Distance : 432 ft
Batting: RHB Max Rash 0-0: Ball
1-0: Ball
2-0: Fly out, F8 (Flyball, 8LS)
Batting: LHB Tanyu Imai 0-0: Ball
1-0: Ball
2-0: Ball
3-0: Base on Balls
Batting: RHB Dan Tyler 0-0: Ball
1-0: Grounds into double play, 6-4-3 (Groundball, 6)
Bottom of the 4th over - 2 run(s), 2 hit(s), 0 error(s), 0 left on base; Vista 0 - St Charles 2
TOP OF THE 5TH
Vista Panthers batting - Pitching for St Charles Sheens : RHP Sang-joon Pak
Batting: SHB Mark Wells 0-0: Called Strike
0-1: Foul Ball, location: 2F
0-2: Foul Ball, location: 2F
0-2: Fly out, F7 (Flyball, 7S)
Batting: RHB John Mendelson 0-0: Called Strike
0-1: Ball
1-1: Foul Ball, location: 2F
1-2: Fly out, F9 (Flyball, 89M)
Batting: LHB Brent Alonzo 0-0: SINGLE (Groundball, 6D)
Batting: RHB Roberto Cruz 0-0: Ball
1-0: Called Strike
1-1: Ball
2-1: Ball
3-1: Called Strike
3-2: Fly out, F7 (Line Drive, 7)
Top of the 5th over - 0 run(s), 1 hit(s), 0 error(s), 1 left on base; Vista 0 - St Charles 2
BOTTOM OF THE 5TH
St Charles Sheens batting - Pitching for Vista Panthers : RHP Dale Reese
Batting: RHB Bill Little 0-0: Ball
1-0: Called Strike
1-1: Ground out 5-3 (Groundball, 56S)
Batting: RHB Alfredo Hernández 0-0: Ball
1-0: Ground out 5-3 (Groundball, 56S)
Batting: RHB Jesús Hernández 0-0: Ball
1-0: Foul Ball, location: 2F
1-1: Foul Ball, location: 2F
1-2: Ball
2-2: SINGLE (Groundball, 6MD)
Batting: LHB Gene Cooper 0-0: Swinging Strike
0-1: Ball
1-1: Swinging Strike
1-2: Foul Ball, location: 2F
1-2: Foul Ball, location: 2F
1-2: Foul Ball, location: 2F
1-2: Foul Ball, location: 2F
1-2: Ball
Jesús Hernández steals 2nd base
2-2: Fly out, F2 (Popup, 25)
Bottom of the 5th over - 0 run(s), 1 hit(s), 0 error(s), 1 left on base; Vista 0 - St Charles 2
TOP OF THE 6TH
Vista Panthers batting - Pitching for St Charles Sheens : RHP Sang-joon Pak
Batting: RHB Salvador Salas 0-0: Ball
1-0: Called Strike
1-1: SINGLE (Line Drive, 4D)
Batting: LHB Francisco Marino 0-0: Ball
1-0: SINGLE (Groundball, 3D)
Salvador Salas to second
Batting: RHB Cisco Gatán 0-0: Foul Ball, location: 2F
0-1: SINGLE (Line Drive, 56D)
Salvador Salas to third
Francisco Marino to second
Batting: RHB Phil Matthews 0-0: Ball
1-0: Fly out, F6 (Popup, 56D)
Batting: LHB Patrick Osborne 0-0: Fly out, F6 (Popup, 6D)
Batting: SHB Mark Wells 0-0: Called Strike
0-1: Ball
1-1: Swinging Strike
1-2: Ball
2-2: Ball
3-2: Foul Ball, location: 2F
3-2: Fly out, F7 (Flyball, 78M)
Top of the 6th over - 0 run(s), 3 hit(s), 0 error(s), 3 left on base; Vista 0 - St Charles 2
BOTTOM OF THE 6TH
St Charles Sheens batting - Pitching for Vista Panthers : RHP Dale Reese
Batting: RHB Judson Backstrom 0-0: Called Strike
0-1: Ball
1-1: Ball
2-1: Foul Ball, location: 2F
2-2: Foul Ball, location: 2F
2-2: Ground out 1-3 (Groundball, 13)
Batting: LHB Stan Bates 0-0: Called Strike
0-1: Ball
1-1: Called Strike
1-2: Ball
2-2: Foul Ball, location: 2F
2-2: Fly out, F5 (Popup, 56S)
Batting: RHB Max Rash 0-0: Ball
1-0: Fly out, F7 (Flyball, 7)
Bottom of the 6th over - 0 run(s), 0 hit(s), 0 error(s), 0 left on base; Vista 0 - St Charles 2
TOP OF THE 7TH
Vista Panthers batting - Pitching for St Charles Sheens : RHP Sang-joon Pak
Batting: RHB John Mendelson 0-0: Ball
1-0: SINGLE (Groundball, 56D)
Batting: LHB Brent Alonzo 0-0: Foul Ball, location: 2F
0-1: Ball
1-1: Swinging Strike
1-2: Ball
2-2: Foul Ball, location: 2F
2-2: Ground out 6-3 (Groundball, 6MD)
John Mendelson to second
Batting: RHB Roberto Cruz 0-0: Ball
1-0: Called Strike
1-1: Ball
2-1: Ball
3-1: SINGLE (Groundball, 6MD)
John Mendelson to third
Runner from 3rd tries for Home, SAFE, throw made home
Batting: RHB Salvador Salas 0-0: Fly out, F9 (Flyball, 89D)
Batting: LHB Francisco Marino 0-0: Ball
1-0: Called Strike
1-1: Foul Ball, location: 2F
1-2: Strikes out looking
Top of the 7th over - 1 run(s), 2 hit(s), 0 error(s), 1 left on base; Vista 1 - St Charles 2
BOTTOM OF THE 7TH
St Charles Sheens batting - Pitching for Vista Panthers : RHP Dale Reese
Batting: LHB Tanyu Imai 0-0: Ball
1-0: Swinging Strike
1-1: Foul Ball, location: 2F
1-2: Foul Ball, location: 2F
1-2: Ball
2-2: Ball
3-2: Base on Balls
Pitching: RHP José Betancourt
Batting: RHB Dan Tyler 0-0: Ball
1-0: Bunted foul
1-1: Sac Bunt - play at first, batter OUT! 2-4
Tanyu Imai to second
Batting: RHB Bill Little 0-0: Called Strike
0-1: Called Strike
0-2: Ground out 5-3 (Groundball, 56)
Batting: RHB Alfredo Hernández 0-0: Called Strike
0-1: Called Strike
0-2: Strikes out looking
Bottom of the 7th over - 0 run(s), 0 hit(s), 0 error(s), 1 left on base; Vista 1 - St Charles 2
TOP OF THE 8TH
Vista Panthers batting - Pitching for St Charles Sheens : RHP Sang-joon Pak
Batting: RHB Cisco Gatán 0-0: Ball
1-0: Called Strike
1-1: Ball
2-1: Swinging Strike
2-2: Strikes out swinging
Batting: RHB Phil Matthews 0-0: Called Strike
0-1: Ball
1-1: Ball
2-1: Ball
3-1: Foul Ball, location: 2F
3-2: Foul Ball, location: 2F
3-2: SOLO HOME RUN (Flyball, 7D), Distance : 383 ft
Batting: LHB Patrick Osborne 0-0: SINGLE (Line Drive, 78S)
Pitching: RHP Álex Villegas
Batting: SHB Mark Wells 0-0: Ball
Patrick Osborne steals 2nd base
1-0: Intentional Walk
Batting: RHB John Mendelson 0-0: Called Strike
Patrick Osborne steals 3rd base
Mark Wells to second
0-1: Ball
1-1: Ball
2-1: Reached on error, E4 (Groundball, 4)
Patrick Osborne scores
Mark Wells to third
Batting: LHB Brent Alonzo 0-0: Ball
1-0: Called Strike
1-1: Ball
2-1: Fielders Choice at 2nd, 6-4 (Groundball, 6D)
Mark Wells scores
Pitching: RHP Jeff Lynn
Batting: RHB Roberto Cruz 0-0: Called Strike
Brent Alonzo is caught stealing 2nd base
Top of the 8th over - 3 run(s), 2 hit(s), 1 error(s), 0 left on base; Vista 4 - St Charles 2
BOTTOM OF THE 8TH
St Charles Sheens batting - Pitching for Vista Panthers : RHP José Betancourt
Batting: RHB Jesús Hernández 0-0: Foul Ball, location: 2F
0-1: Ground out 6-3 (Groundball, 56)
Batting: LHB Gene Cooper 0-0: Ball
1-0: Fly out, F8 (Line Drive, 8LD)
Batting: RHB Judson Backstrom 0-0: SINGLE (Groundball, 56D)
Pitching: RHP António López
Batting: LHB Stan Bates 0-0: Ball
1-0: Ball
2-0: Foul Ball, location: 2F
2-1: Ball
3-1: SINGLE (Groundball, 4MD)
Judson Backstrom to second
Batting: RHB Max Rash 0-0: Called Strike
0-1: Swinging Strike
0-2: Ball
1-2: Strikes out swinging
Bottom of the 8th over - 0 run(s), 2 hit(s), 0 error(s), 2 left on base; Vista 4 - St Charles 2
TOP OF THE 9TH
Vista Panthers batting - Pitching for St Charles Sheens : RHP Jeff Lynn
Batting: RHB Roberto Cruz 0-0: Ball
1-0: Ball
2-0: Called Strike
2-1: Fly out, F8 (Flyball, 8LD)
Batting: RHB Salvador Salas 0-0: Fly out, F9 (Flyball, 9S)
Batting: LHB Francisco Marino 0-0: Foul Ball, location: 2F
0-1: Ball
1-1: Ground out U3 (Groundball, 3)
Top of the 9th over - 0 run(s), 0 hit(s), 0 error(s), 0 left on base; Vista 4 - St Charles 2
BOTTOM OF THE 9TH
St Charles Sheens batting - Pitching for Vista Panthers : RHP António López
Pitching: RHP David Simpson
Batting: LHB Tanyu Imai 0-0: Called Strike
0-1: Ground out 4-3 (Groundball, 4)
Batting: RHB Dan Tyler 0-0: Ball
1-0: DOUBLE (Line Drive, 89D)
Batting: RHB Bill Little 0-0: Called Strike
0-1: Called Strike
0-2: Ball
1-2: Strikes out swinging
Batting: RHB Alfredo Hernández 0-0: Called Strike
0-1: Foul Ball, location: 2F
0-2: Foul Ball, location: 2F
0-2: Strikes out looking
Bottom of the 9th over - 0 run(s), 1 hit(s), 0 error(s), 1 left on base; Vista 4 - St Charles 2
Thursday, March 30th, 2017 - OOTP Baseball 17.12 Build 75